[Event "Hungarian Youth-ch II 2024"]
[Site "Szolnok"]
[Date "2024.04.03"]
[Round "4.6"]
[White "Miko, Biborka"]
[Black "Csiszar, Vivien"]
[Result "1/2-1/2"]
[ECO "B07"]
[WhiteElo "1549"]
[BlackElo "1575"]
[Annotator "NA RC"]
[PlyCount "53"]
[EventDate "2024.03.31"]
[EventType "swiss"]
[EventCountry "HUN"]
[SourceTitle "playchess.com"]
[Source "ChessBase"]
[SourceQuality "1"]
[TimeControl "5400+30"]

1. e4 d6 2. d4 Nf6 3. Nc3 e5 4. dxe5 dxe5 5. Qxd8+ Kxd8 6. Bc4 Bb4 7. f3 Ke7 8. Nge2 Nc6 9. Bg5 h6 10. Bh4 g5 11. Bf2 Rd8 12. a3 Ba5 13. O-O Bb6 14. Rad1 Be6 15. Bxe6 fxe6 16. Bxb6 cxb6 17. Kf2 Nh5 18. g3 Nd4 19. Nxd4 Rxd4 20. Rxd4 exd4 21. Nb5 e5 22. Nc7 Rc8 23. Nd5+ Ke6 24. c3 Nf6 25. cxd4 Nxd5 26. exd5+ Kxd5 27. dxe5 1/2-1/2

[Event "Hungarian Youth-ch II 2024"]
[Site "Szolnok"]
[Date "2024.04.03"]
[Round "4.7"]
[White "Vadkerti, Anna"]
[Black "Vasarhelyi, Szurina"]
[Result "1/2-1/2"]
[ECO "C64"]
[WhiteElo "1502"]
[BlackElo "1446"]
[Annotator "NA RC"]
[PlyCount "111"]
[EventDate "2024.03.31"]
[EventType "swiss"]
[EventCountry "HUN"]
[SourceTitle "playchess.com"]
[Source "ChessBase"]
[SourceQuality "1"]
[TimeControl "5400+30"]

1. e4 e5 2. Nf3 Nc6 3. Bb5 Bc5 4. O-O d6 5. d4 exd4 6. Nxd4 Nge7 7. Nxc6 Nxc6 8. Nc3 O-O 9. Bf4 Ne5 10. Bxe5 dxe5 11. Qh5 Bd6 12. Rad1 c6 13. Bc4 Qf6 14. Rd3 b5 15. Rf3 Qg6 16. Qxg6 hxg6 17. Bb3 Ba6 18. Rd1 Rad8 19. a3 Bc8 20. Rg3 Kh7 21. Rdd3 Be7 22. Rxd8 Bxd8 23. Rd3 Bc7 24. Rf3 f6 25. h3 Rd8 26. Rg3 Rd2 27. Rd3 Rxd3 28. cxd3 Ba5 29. Bf7 Ba6 30. Be8 Bxc3 31. bxc3 c5 32. f3 b4 33. axb4 cxb4 34. cxb4 Bxd3 35. Kf2 f5 36. Ke3 Bc4 37. g3 Kh6 38. h4 a6 39. Bd7 g5 40. hxg5+ Kxg5 41. Bxf5 Kf6 42. Bh3 g5 43. Kf2 Ke7 44. Bf1 Bxf1 45. Kxf1 Kd6 46. Ke2 Kc6 47. Kd3 Kd6 48. g4 Kc7 49. Kc3 Kb6 50. Kb2 Kc6 51. Ka3 Kb7 52. Kb2 Kb6 53. Ka2 Kc6 54. Kb3 Kb7 55. Kc4 Kc6 56. Kb3 1/2-1/2

[Event "Hungarian Youth-ch II 2024"]
[Site "Szolnok"]
[Date "2024.04.03"]
[Round "5.1"]
[White "Hangyal, Dora"]
[Black "Balazs, Szabina Zoe"]
[Result "0-1"]
[ECO "A18"]
[WhiteElo "1704"]
[BlackElo "1756"]
[Annotator "NA RC"]
[PlyCount "56"]
[EventDate "2024.03.31"]
[EventType "swiss"]
[EventCountry "HUN"]
[SourceTitle "playchess.com"]
[Source "ChessBase"]
[SourceQuality "1"]
[TimeControl "5400+30"]

1. c4 Nf6 2. Nc3 e6 3. e4 d5 4. e5 d4 5. exf6 dxc3 6. bxc3 Qxf6 7. d4 e5 8. Nf3 Nc6 9. Bg5 Qg6 10. d5 Nb8 11. h4 h6 12. Nxe5 Qf5 13. Qe2 hxg5 14. Ng6+ Kd8 15. Nxh8 g4 16. Qd3 Qh5 17. Nxf7+ Qxf7 18. Be2 Na6 19. h5 Bf5 20. Qe3 Kd7 21. Kf1 Nc5 22. f3 Re8 23. Qf2 gxf3 24. Qxf3 Ne4 25. Rd1 Bd6 26. Kg1 Bc5+ 27. Kh2 Qf6 28. Rhf1 Qh4+ 0-1

[Event "Hungarian Youth-ch II 2024"]
[Site "Szolnok"]
[Date "2024.04.03"]
[Round "5.2"]
[White "Kiss, Inez"]
[Black "Biro, Beata"]
[Result "0-1"]
[ECO "B20"]
[WhiteElo "1806"]
[BlackElo "1760"]
[Annotator "NA RC"]
[PlyCount "100"]
[EventDate "2024.03.31"]
[EventType "swiss"]
[EventCountry "HUN"]
[SourceTitle "playchess.com"]
[Source "ChessBase"]
[SourceQuality "1"]
[TimeControl "5400+30"]

1. e4 c5 2. c4 Nc6 3. Nc3 d6 4. g3 g6 5. Bg2 Bg7 6. Nge2 e5 7. d3 Nge7 8. O-O O-O 9. a3 Bd7 10. Rb1 a6 11. b4 Rb8 12. b5 Nd4 13. a4 Qc8 14. Nxd4 exd4 15. Ne2 Bh3 16. bxa6 Bxg2 17. axb7 Rxb7 18. Rxb7 Bxf1 19. Rxe7 Bxe2 20. Qxe2 Qa6 21. Bf4 Rd8 22. Qb2 Bf8 23. Qb7 Qxb7 24. Rxb7 Ra8 25. Kf1 Rxa4 26. Rb8 Kg7 27. e5 g5 28. Bxg5 dxe5 29. Bd8 e4 30. Ke2 Ra2+ 31. Ke1 exd3 32. Rb3 Rc2 33. Rxd3 Rxc4 34. Bg5 Kg6 35. h4 Bh6 36. Bxh6 Kxh6 37. Rf3 Kg6 38. Kd2 h5 39. Ra3 Kf5 40. Rf3+ Ke6 41. Ra3 Ke5 42. Rf3 f5 43. Ra3 Rc3 44. Rxc3 dxc3+ 45. Kxc3 Ke4 46. Kc4 Kf3 47. Kxc5 Kxf2 48. Kd4 Kxg3 49. Ke3 f4+ 50. Ke2 Kg2 0-1

[Event "Hungarian Youth-ch II 2024"]
[Site "Szolnok"]
[Date "2024.04.03"]
[Round "5.3"]
[White "Farkas, Sara"]
[Black "Vadkerti, Bori"]
[Result "1-0"]
[ECO "E91"]
[WhiteElo "1707"]
[BlackElo "1657"]
[Annotator "NA RC"]
[PlyCount "63"]
[EventDate "2024.03.31"]
[EventType "swiss"]
[EventCountry "HUN"]
[SourceTitle "playchess.com"]
[Source "ChessBase"]
[SourceQuality "1"]
[TimeControl "5400+30"]

1. d4 Nf6 2. c4 g6 3. Nf3 Bg7 4. Nc3 O-O 5. e4 d6 6. Be2 Nbd7 7. O-O e5 8. d5 a5 9. Qc2 Nc5 10. Be3 Nfd7 11. Nd2 f5 12. f3 f4 13. Bf2 g5 14. b3 h5 15. a3 Nf6 16. Rab1 g4 17. b4 axb4 18. axb4 Ncd7 19. c5 Rf7 20. cxd6 cxd6 21. Nb5 Nf8 22. Nc4 Rd7 23. Nb6 Rb8 24. Nxd7 Qxd7 25. Qc7 Qxc7 26. Nxc7 Bd7 27. Bb5 Bxb5 28. Nxb5 Rd8 29. Rfc1 gxf3 30. gxf3 N8h7 31. Rc7 Ng5 32. Kg2 1-0

[Event "Hungarian Youth-ch II 2024"]
[Site "Szolnok"]
[Date "2024.04.03"]
[Round "5.4"]
[White "Horvath, Adel"]
[Black "Hangyal, Anna"]
[Result "0-1"]
[ECO "A20"]
[WhiteElo "1681"]
[BlackElo "1719"]
[Annotator "NA RC"]
[PlyCount "144"]
[EventDate "2024.03.31"]
[EventType "swiss"]
[EventCountry "HUN"]
[SourceTitle "playchess.com"]
[Source "ChessBase"]
[SourceQuality "1"]
[TimeControl "5400+30"]

1. c4 e5 2. d3 Nf6 3. Nf3 Nc6 4. g3 d5 5. cxd5 Nxd5 6. Bg2 Bc5 7. O-O O-O 8. Nc3 Be6 9. Bd2 f6 10. Qb3 Bb6 11. Nxd5 Bxd5 12. Qd1 Qd7 13. a3 Rad8 14. Qc1 Rfe8 15. Rd1 Kh8 16. e3 Bb3 17. Re1 Qxd3 18. Bc3 Qd7 19. a4 a5 20. Ra3 Bd5 21. Rd1 Qf7 22. g4 Bb3 23. Rxd8 Rxd8 24. Nd2 Be6 25. h3 Bc5 26. Ra1 Nb4 27. Bxb4 Bxb4 28. Ne4 Bb3 29. Qf1 c6 30. Qe2 Bc4 31. Qf3 Bd5 32. Qd1 Qe7 33. Qc2 Bxe4 34. Bxe4 Rd2 35. Qb3 Qd6 36. Qf7 Qd7 37. Qb3 h5 38. gxh5 Qxh3 39. Qf7 Qg4+ 40. Bg2 Bc5 41. Qe8+ Kh7 42. Re1 Rxb2 43. Qd8 Qxh5 44. Be4+ f5 45. Bg2 Qg4 46. Qxa5 b6 47. Qc3 Qb4 48. Qc1 Ra2 49. Bxc6 Qg4+ 50. Bg2 Kh8 51. Qd1 Rxa4 52. Qxg4 Rxg4 53. Kf1 b5 54. Rc1 Ba3 55. Ra1 b4 56. Bd5 Bb2 57. Rb1 Bc3 58. Ke2 Rg6 59. Bb3 Rd6 60. Kf1 g6 61. Kg2 Kg7 62. Kf1 Kf6 63. Kg2 f4 64. exf4 exf4 65. f3 Rd2+ 66. Kf1 Kf5 67. Bf7 g5 68. Bc4 g4 69. fxg4+ Kxg4 70. Bf7 Kg3 71. Bc4 f3 72. Bb5 Rh2 0-1

[Event "Hungarian Youth-ch II 2024"]
[Site "Szolnok"]
[Date "2024.04.03"]
[Round "5.5"]
[White "Illes-Nagy, Nora"]
[Black "Biro, Csilla"]
[Result "1-0"]
[ECO "D35"]
[WhiteElo "1757"]
[BlackElo "1626"]
[Annotator "NA RC"]
[PlyCount "75"]
[EventDate "2024.03.31"]
[EventType "swiss"]
[EventCountry "HUN"]
[SourceTitle "playchess.com"]
[Source "ChessBase"]
[SourceQuality "1"]
[TimeControl "5400+30"]

1. d4 e6 2. c4 d5 3. Nc3 Nf6 4. cxd5 exd5 5. Bg5 Be7 6. e3 O-O 7. Qc2 Be6 8. Bd3 h6 9. Bh4 Nbd7 10. Nge2 Nb6 11. O-O c6 12. Nf4 Qd7 13. Bg3 Bd6 14. Nce2 Bg4 15. h3 Bxe2 16. Nxe2 Nh5 17. Bxd6 Qxd6 18. Rab1 Rfe8 19. b4 Rac8 20. Qc5 Qc7 21. Rfc1 Qb8 22. b5 cxb5 23. Qxb5 Red8 24. Bf5 Rc7 25. Rxc7 Qxc7 26. Rc1 Qb8 27. Rc5 Kf8 28. Rc1 Kg8 29. Qc5 Na8 30. Rc2 Kh8 31. Nc1 Nf6 32. Nd3 Kg8 33. Ne5 Rf8 34. Qe7 Kh8 35. Nxf7+ Kg8 36. Ne5 Kh8 37. Qxf8+ Qxf8 38. Ng6+ 1-0

[Event "Hungarian Youth-ch II 2024"]
[Site "Szolnok"]
[Date "2024.04.03"]
[Round "5.6"]
[White "Ferenczy, Nora"]
[Black "Miko, Biborka"]
[Result "0-1"]
[ECO "A53"]
[WhiteElo "1699"]
[BlackElo "1549"]
[Annotator "NA RC"]
[PlyCount "68"]
[EventDate "2024.03.31"]
[EventType "swiss"]
[EventCountry "HUN"]
[SourceTitle "playchess.com"]
[Source "ChessBase"]
[SourceQuality "1"]
[TimeControl "5400+30"]

1. d4 Nf6 2. c4 d6 3. Nc3 Nbd7 4. e4 e5 5. Nf3 Be7 6. Be2 O-O 7. O-O c6 8. d5 Nc5 9. Qc2 cxd5 10. cxd5 a6 11. Be3 Qc7 12. h3 Ncxe4 13. Qb3 Nxc3 14. bxc3 b5 15. Rfd1 Bb7 16. Rab1 Rab8 17. Nh2 Rfc8 18. Rbc1 Ba8 19. Bf3 Qb7 20. Ng4 a5 21. Nxf6+ Bxf6 22. Qa3 b4 23. Qxa5 bxc3 24. Bg4 c2 25. Rd3 Re8 26. Qa3 e4 27. Rb3 Qc7 28. Bf4 Bxd5 29. Bxd6 Rxb3 30. axb3 Qc3 31. Bd7 Rd8 32. Be7 Rxd7 33. Bxf6 gxf6 34. Qa4 Qd2 0-1

[Event "Hungarian Youth-ch II 2024"]
[Site "Szolnok"]
[Date "2024.04.03"]
[Round "5.8"]
[White "Vasarhelyi, Szurina"]
[Black "Janosi, Boglarka"]
[Result "0-1"]
[ECO "B23"]
[WhiteElo "1446"]
[BlackElo "1466"]
[Annotator "NA RC"]
[PlyCount "86"]
[EventDate "2024.03.31"]
[EventType "swiss"]
[EventCountry "HUN"]
[SourceTitle "playchess.com"]
[Source "ChessBase"]
[SourceQuality "1"]
[TimeControl "5400+30"]

1. e4 c5 2. Nc3 d6 3. g3 Nc6 4. Bg2 Nf6 5. h3 e6 6. d3 Be7 7. Nge2 Bd7 8. Be3 Qc7 9. Qd2 O-O 10. O-O Qc8 11. Kh2 a6 12. a4 Qc7 13. Nf4 h6 14. Na2 Nd4 15. Bxd4 cxd4 16. Nc1 Nh7 17. h4 Nf6 18. Bh3 Rac8 19. Qb4 e5 20. Bxd7 Qxd7 21. Nd5 Nxd5 22. exd5 Rxc2 23. Qb3 Rc5 24. Qa2 Qf5 25. Kg2 Rfc8 26. Qb3 R5c7 27. Na2 Qg6 28. Rh1 f5 29. Rac1 Rxc1 30. Rxc1 Rxc1 31. Nxc1 Bxh4 32. Ne2 f4 33. Kh3 Bg5 34. g4 Kh7 35. Qxb7 Qxd3+ 36. Kg2 f3+ 37. Kg1 fxe2 38. Qd7 e1=Q+ 39. Kg2 Qde4+ 40. Kg3 Q1h1 41. Qf5+ Qxf5 42. gxf5 Bf4+ 43. Kg4 h5# 0-1

[Event "Hungarian Youth-ch II 2024"]
[Site "Szolnok"]
[Date "2024.04.04"]
[Round "6.1"]
[White "Balazs, Szabina Zoe"]
[Black "Farkas, Sara"]
[Result "1/2-1/2"]
[ECO "C02"]
[WhiteElo "1756"]
[BlackElo "1707"]
[Annotator "NA RC"]
[PlyCount "53"]
[EventDate "2024.03.31"]
[EventType "swiss"]
[EventCountry "HUN"]
[SourceTitle "playchess.com"]
[Source "ChessBase"]
[SourceQuality "1"]
[TimeControl "5400+30"]

1. e4 e6 2. d4 d5 3. e5 c5 4. c3 Nc6 5. Nf3 Qb6 6. a3 cxd4 7. cxd4 Nh6 8. Nc3 Nf5 9. Na4 Qd8 10. h4 Be7 11. g3 a6 12. Bh3 b5 13. Nc3 O-O 14. h5 b4 15. Ne2 bxa3 16. bxa3 Qa5+ 17. Bd2 Qb6 18. Bxf5 exf5 19. Be3 Na5 20. Nf4 Be6 21. Kf1 Nc4 22. Bc1 Rab8 23. Nxe6 fxe6 24. Ng5 Bxg5 25. Bxg5 Qb3 26. Kg2 Qxd1 27. Rhxd1 1/2-1/2

[Event "Hungarian Youth-ch II 2024"]
[Site "Szolnok"]
[Date "2024.04.04"]
[Round "6.2"]
[White "Biro, Beata"]
[Black "Kincses, Emma"]
[Result "1/2-1/2"]
[ECO "B23"]
[WhiteElo "1760"]
[BlackElo "1678"]
[Annotator "NA RC"]
[PlyCount "69"]
[EventDate "2024.03.31"]
[EventType "swiss"]
[EventCountry "HUN"]
[SourceTitle "playchess.com"]
[Source "ChessBase"]
[SourceQuality "1"]
[TimeControl "5400+30"]

1. e4 c5 2. Nc3 g6 3. d4 b6 4. Be3 d6 5. dxc5 bxc5 6. Qd5 Bd7 7. Qxa8 Qb6 8. Qd5 Bg7 9. Qb3 Qc7 10. Bc4 e6 11. O-O-O Ne7 12. Nb5 Bxb5 13. Bxb5+ Nbc6 14. Qd3 O-O 15. Bxc6 Nxc6 16. c3 Rb8 17. Ne2 Qb7 18. Qc2 Ne5 19. Nf4 a5 20. Nd3 Ng4 21. Bf4 c4 22. Nc5 Qa7 23. Bxd6 Bh6+ 24. Kb1 Rc8 25. h3 Nf6 26. e5 Ne8 27. Ne4 Bg7 28. h4 a4 29. a3 Nc7 30. Bxc7 Qxc7 31. f4 Rb8 32. Qxa4 Qb7 33. Qc2 Qa6 34. h5 Qxa3 35. Rd8+ 1/2-1/2

[Event "Hungarian Youth-ch II 2024"]
[Site "Szolnok"]
[Date "2024.04.04"]
[Round "6.3"]
[White "Vadkerti, Bori"]
[Black "Hangyal, Dora"]
[Result "0-1"]
[ECO "D00"]
[WhiteElo "1657"]
[BlackElo "1704"]
[Annotator "NA RC"]
[PlyCount "116"]
[EventDate "2024.03.31"]
[EventType "swiss"]
[EventCountry "HUN"]
[SourceTitle "playchess.com"]
[Source "ChessBase"]
[SourceQuality "1"]
[TimeControl "5400+30"]

1. d4 d5 2. Bf4 Nf6 3. e3 e6 4. Nd2 c5 5. c3 Bd6 6. Bg3 Bxg3 7. hxg3 c4 8. Ngf3 Nc6 9. b3 cxb3 10. axb3 Rb8 11. Bb5 Qb6 12. c4 a6 13. Bxc6+ bxc6 14. Ne5 Nd7 15. Nxd7 Bxd7 16. Qc2 h6 17. Qa2 Ra8 18. Qa5 Qxa5 19. Rxa5 O-O 20. O-O Ra7 21. Rfa1 Rfa8 22. e4 dxc4 23. bxc4 Bc8 24. d5 cxd5 25. exd5 exd5 26. cxd5 Rd7 27. Rd1 Bb7 28. Ne4 Rad8 29. Nc3 Kf8 30. Kf1 Ke7 31. Ke2 Kf6 32. Ke3 Ke5 33. f4+ Kf5 34. Kf3 h5 35. Kf2 Rd6 36. Re1 f6 37. Re7 R8d7 38. Rxd7 Rxd7 39. Nd1 Ke4 40. Nc3+ Kd3 41. Na2 Kc4 42. Ra4+ Kb3 43. Ra5 Rxd5 44. Nc1+ Kb4 45. Rxd5 Bxd5 46. Nd3+ Kc4 47. Nc1 a5 48. Kf1 a4 49. Ke2 Kc3 50. Ke3 Bc4 51. Ke4 Kc2 52. Kf5 Kxc1 53. Kg6 a3 54. Kxg7 a2 55. Kxf6 a1=Q+ 56. Kg5 Qg7+ 57. Kxh5 Be2+ 58. Kh4 Qg4# 0-1

[Event "Hungarian Youth-ch II 2024"]
[Site "Szolnok"]
[Date "2024.04.04"]
[Round "6.4"]
[White "Hangyal, Anna"]
[Black "Miko, Biborka"]
[Result "1/2-1/2"]
[ECO "B90"]
[WhiteElo "1719"]
[BlackElo "1549"]
[Annotator "NA RC"]
[PlyCount "115"]
[EventDate "2024.03.31"]
[EventType "swiss"]
[EventCountry "HUN"]
[SourceTitle "playchess.com"]
[Source "ChessBase"]
[SourceQuality "1"]
[TimeControl "5400+30"]

1. e4 c5 2. Nf3 d6 3. Nc3 a6 4. d4 cxd4 5. Nxd4 Nf6 6. Be3 e5 7. Nb3 Be6 8. Bd3 Be7 9. O-O Nbd7 10. Qd2 Ng4 11. Nd5 Bxd5 12. exd5 Nxe3 13. fxe3 O-O 14. Rf3 Bg5 15. Qb4 f5 16. Bxf5 Bxe3+ 17. Rxe3 Rxf5 18. Qxd6 Qg5 19. Rg3 Qd8 20. Qe6+ Rf7 21. Rf1 Qb6+ 22. Qxb6 Nxb6 23. Rxf7 Kxf7 24. Rd3 Rc8 25. d6 Ke6 26. c3 Nd7 27. Nd2 Nc5 28. Rg3 Kxd6 29. Rxg7 h5 30. Nc4+ Ke6 31. Rh7 Na4 32. b3 Nxc3 33. Rh6+ Ke7 34. Rxh5 Rf8 35. Rxe5+ Kd7 36. a4 b5 37. axb5 axb5 38. Re3 bxc4 39. Rxc3 cxb3 40. Rxb3 Ke6 41. h4 Ra8 42. Kh2 Ra5 43. Kh3 Kf6 44. g4 Kg6 45. Rb6+ Kh7 46. h5 Ra3+ 47. Kh4 Ra4 48. h6 Ra1 49. Kh5 Ra5+ 50. g5 Rc5 51. Rb7+ Kh8 52. Rf7 Kg8 53. Kg6 Rxg5+ 54. Kf6 Rf5+ 55. Kxf5 Kxf7 56. Kg5 Kg8 57. Kg6 Kh8 58. h7 1/2-1/2

[Event "Hungarian Youth-ch II 2024"]
[Site "Szolnok"]
[Date "2024.04.04"]
[Round "6.6"]
[White "Wang, Luomeng"]
[Black "Medvegy, Maria"]
[Result "1-0"]
[ECO "D30"]
[WhiteElo "1797"]
[BlackElo "1474"]
[Annotator "NA RC"]
[PlyCount "91"]
[EventDate "2024.03.31"]
[EventType "swiss"]
[EventCountry "HUN"]
[SourceTitle "playchess.com"]
[Source "ChessBase"]
[SourceQuality "1"]
[TimeControl "5400+30"]

1. d4 d5 2. c4 e6 3. Nf3 h6 4. g3 Nf6 5. Bg2 Bd6 6. O-O c6 7. Qc2 O-O 8. b3 Qe7 9. Bb2 c5 10. cxd5 exd5 11. dxc5 Bxc5 12. Nc3 Nc6 13. a3 Be6 14. b4 Bb6 15. Na4 Bc7 16. Nc5 b6 17. Nxe6 Qxe6 18. Rac1 Be5 19. Nxe5 Nxe5 20. Bxe5 Qxe5 21. Qd3 Rfe8 22. Rc2 a5 23. b5 Rad8 24. Rfc1 Ne4 25. Bxe4 dxe4 26. Qb3 Rd5 27. a4 Rd4 28. Rc7 Re7 29. Rc8+ Kh7 30. R8c6 Rb4 31. Qe3 Rxa4 32. Qxb6 Rb4 33. R6c5 Qb2 34. Qxa5 Rb7 35. R5c2 Qb3 36. Qd8 R4xb5 37. Rc8 f6 38. Qh8+ Kg6 39. Qe8+ Qf7 40. Qxe4+ f5 41. R1c6+ Kh7 42. Qd4 Rb1+ 43. Kg2 R7b4 44. Qd8 Qf6 45. Rxf6 gxf6 46. Qg8# 1-0

[Event "Hungarian Youth-ch II 2024"]
[Site "Szolnok"]
[Date "2024.04.05"]
[Round "7.1"]
[White "Biro, Beata"]
[Black "Balazs, Szabina Zoe"]
[Result "1-0"]
[ECO "B23"]
[WhiteElo "1849"]
[BlackElo "1756"]
[Annotator "NA RC"]
[PlyCount "97"]
[EventDate "2024.03.31"]
[EventType "swiss"]
[EventCountry "HUN"]
[SourceTitle "playchess.com"]
[Source "ChessBase"]
[SourceQuality "1"]
[TimeControl "5400+30"]

1. e4 c5 2. Nc3 d6 3. d4 cxd4 4. Qxd4 Nc6 5. Qd2 g6 6. b3 {[%emt 0:00:09] B23: Closed Sicilian: Lines without g3.} Bg7 7. Bb2 Nf6 8. O-O-O O-O 9. f3 Bd7 10. g4 Rc8 11. h4 Qa5 (11... h5 $14 {should be considered.}) 12. Kb1 (12. h5 $1 $16) 12... Nb4 (12... h5 $14) 13. a3 Na6 14. Nge2 Qc7 15. h5 b5 16. e5 dxe5 17. g5 Nxh5 18. Qxd7 Rfd8 19. Qxc7 Rxd1+ 20. Nxd1 Nxc7 21. Bh3 Rd8 22. Ndc3 f6 23. Bg4 Nf4 24. Nxf4 exf4 25. Re1 Kf7 26. a4 f5 27. Bh3 bxa4 28. Nxa4 Bxb2 29. Kxb2 Ne6 30. Rg1 Rd2 31. Bf1 Rd1 32. Rh1 Kg7 33. Nc3 Re1 34. Bg2 Rxh1 35. Bxh1 Nxg5 36. Nb5 e5 37. c4 Kf6 38. c5 Ke7 39. Nxa7 Kd7 40. b4 e4 41. b5 Kc7 42. b6+ Kb7 43. fxe4 fxe4 44. Nb5 f3 45. Nd6+ Ka6 46. b7 Ka7 47. c6 Kb8 48. Nc4 Nf7 49. Nb6 1-0

[Event "Hungarian Youth-ch II 2024"]
[Site "Szolnok"]
[Date "2024.04.05"]
[Round "7.2"]
[White "Hangyal, Dora"]
[Black "Farkas, Sara"]
[Result "0-1"]
[ECO "A11"]
[WhiteElo "1708"]
[BlackElo "1693"]
[Annotator "NA RC"]
[PlyCount "102"]
[EventDate "2024.03.31"]
[EventType "swiss"]
[EventCountry "HUN"]
[SourceTitle "playchess.com"]
[Source "ChessBase"]
[SourceQuality "1"]
[TimeControl "5400+30"]

1. c4 c6 2. Nc3 d5 3. d4 dxc4 4. e3 b5 5. a4 b4 6. Ne4 Qd5 7. Ng3 Nf6 8. Qc2 e6 9. Nf3 Qd8 10. Bxc4 Bd6 11. e4 Bc7 12. Bg5 h6 13. Bh4 g5 14. Nxg5 hxg5 15. Bxg5 Bxg3 16. fxg3 Qxd4 17. Rd1 Qe5 18. Bxf6 Qxf6 19. Qd2 Qe7 20. Qd4 e5 21. Qf2 Be6 22. Bxe6 Qxe6 23. Qc5 Qe7 24. Rc1 Qxc5 25. Rxc5 Nd7 26. Rxc6 Ke7 27. Rc4 Rac8 28. Rxc8 Rxc8 29. Kd2 Nf6 30. Ke3 Rc4 31. b3 Rxe4+ 32. Kf3 Rd4 33. Re1 Rd3+ 34. Re3 Rd5 35. g4 Ke6 36. g5 Nh7 37. h4 Rd4 38. g3 Kf5 39. g4+ Rxg4 40. Rxe5+ Kxe5 41. Kxg4 Nf8 42. h5 Ke4 43. Kg3 Kf5 44. g6 fxg6 45. hxg6 Nxg6 46. Kf3 Ke5 47. Ke3 Kd5 48. Kd3 Ne5+ 49. Ke3 a5 50. Ke2 Kd4 51. Kd2 Nd7 0-1

[Event "Hungarian Youth-ch II 2024"]
[Site "Szolnok"]
[Date "2024.04.05"]
[Round "7.3"]
[White "Kiss, Inez"]
[Black "Balogh, Gerda"]
[Result "1-0"]
[ECO "C84"]
[WhiteElo "1896"]
[BlackElo "1775"]
[Annotator "NA RC"]
[PlyCount "43"]
[EventDate "2024.03.31"]
[EventType "swiss"]
[EventCountry "HUN"]
[SourceTitle "playchess.com"]
[Source "ChessBase"]
[SourceQuality "1"]
[TimeControl "5400+30"]

1. e4 e5 2. Nf3 Nc6 3. Bb5 a6 4. Ba4 Nf6 5. O-O Be7 6. d4 exd4 7. e5 Nd5 {[%emt 0:00:15] C84: Closed Ruy Lopez: Unusual White 6th moves.} 8. Bb3 Nb6 $1 9. Nxd4 (9. Re1 $11) 9... Nxe5 10. Re1 Ng6 11. Nf5 O-O 12. Nxe7+ Nxe7 13. Bg5 Re8 14. Nc3 c6 15. Qd6 Kf8 16. Re3 a5 17. Rae1 a4 18. Rxe7 Rxe7 19. Bxe7+ Kg8 20. Bxd8 h6 21. Qg6 axb3 22. Re8# 1-0

[Event "Hungarian Youth-ch II 2024"]
[Site "Szolnok"]
[Date "2024.04.05"]
[Round "7.4"]
[White "Wang, Luomeng"]
[Black "Hangyal, Anna"]
[Result "0-1"]
[ECO "D11"]
[WhiteElo "1823"]
[BlackElo "1766"]
[Annotator "NA RC"]
[PlyCount "114"]
[EventDate "2024.03.31"]
[EventType "swiss"]
[EventCountry "HUN"]
[SourceTitle "playchess.com"]
[Source "ChessBase"]
[SourceQuality "1"]
[TimeControl "5400+30"]

1. d4 d5 2. c4 c6 3. Nf3 Nf6 4. g3 e6 5. Bg2 Bd6 6. O-O Nbd7 7. Qc2 O-O 8. Rd1 dxc4 {[%emt 0:11:52] E01: Catalan: Early deviations.} 9. Qxc4 Qc7 10. Qc2 Re8 11. e4 e5 12. Nc3 exd4 13. Nxd4 Bc5 14. Bf4 Ne5 15. Nf3 Nfg4 16. Rd2 Qe7 17. Nxe5 Nxe5 18. Na4 Bb4 19. Rd4 Ba5 20. b4 Bxb4 21. Bxe5 (21. Rad1 $142 Ba5 22. Bd2 Bxd2 23. R1xd2) 21... Qxe5 22. Qb2 Bf8 23. Rad1 b5 24. Nc3 Ba6 25. Qb3 Qf6 26. Qc2 b4 27. Na4 Rad8 28. Rxd8 Rxd8 29. f4 c5 30. Kf2 Bb5 31. e5 Qe7 32. Bd5 Kh8 33. h4 c4 34. Kf3 Rxd5 35. Rxd5 Qb7 36. Ke4 Bc6 37. Qxc4 Bxd5+ 38. Qxd5 Qc7 39. Kf3 h6 40. Qa8 Kg8 41. Qe4 (41. Qd5 $17) 41... Qa5 42. Qc6 Qd8 43. Ke4 Qd2 44. Kf5 $2 (44. Kf3) 44... g6+ 45. Kg4 Qe2+ 46. Kh3 Qxa2 47. h5 Qe6+ 48. Qxe6 fxe6 49. g4 gxh5 50. gxh5 b3 51. Kg4 Ba3 52. f5 Kf7 53. f6 b2 54. Nc3 Bb4 55. Nb1 a5 56. Kf3 a4 57. Ke2 a3 0-1

[Event "Hungarian Youth-ch II 2024"]
[Site "Szolnok"]
[Date "2024.04.05"]
[Round "7.5"]
[White "Illes-Nagy, Nora"]
[Black "Ferenczy, Nora"]
[Result "1-0"]
[ECO "D43"]
[WhiteElo "1818"]
[BlackElo "1721"]
[Annotator "NA RC"]
[PlyCount "133"]
[EventDate "2024.03.31"]
[EventType "swiss"]
[EventCountry "HUN"]
[SourceTitle "playchess.com"]
[Source "ChessBase"]
[SourceQuality "1"]
[TimeControl "5400+30"]

1. d4 d5 2. c4 c6 3. Nc3 Nf6 4. Nf3 e6 5. cxd5 exd5 6. Bg5 Be7 7. e3 Nbd7 8. Qc2 O-O 9. Bd3 Re8 10. O-O Nf8 11. Rab1 a5 12. a3 Ng6 13. b4 axb4 14. axb4 Bd6 {[%emt 0:01:02] has lost popularity (14...Ne4). D36: Queen's Gambit Declined: Exchange Variation: Main line (5 Bg5 c6 6 Qc2).} 15. h3 h6 16. Bxf6 Qxf6 17. Nh2 $2 $146 (17. e4 $1 $11) ({Predecessor:} 17. b5 Bxh3 18. Bxg6 fxg6 19. gxh3 Qxf3 20. Qxg6 Qxh3 21. Qxd6 Re6 22. Qg3 Qh5 23. bxc6 {½-½ Sabiani,C (1793)-Koch,M (1695) FRA-chT Top 12 (Women) GpB 2022 (3.2)}) 17... Nh4 18. Ng4 (18. Ra1 $17 {was called for.} Rxa1 19. Rxa1) 18... Qg5 19. f4 Qe7 20. Nd1 h5 21. Ne5 Bxe5 22. dxe5 Qe6 (22... g6 $11) 23. Qe2 (23. Nc3 $142) 23... Qh6 24. Qc2 Qe6 25. b5 Nf5 26. bxc6 bxc6 27. Bxf5 Qxf5 28. Qxc6 Ba6 29. Ra1 Qd3 30. Nf2 Qc4 31. Rfc1 Qxc6 32. Rxc6 Bc4 33. Rxa8 Rxa8 34. e4 Ra1+ 35. Kh2 Ra2 36. Nd1 Rd2 37. Ne3 Ba2 38. Nxd5 Bb3 39. Rd6 Re2 40. Nc3 Re3 41. Rc6 Kh7 42. Rc7 Rd3 43. Kg1 Rd2 44. h4 Kh6 45. Kf1 Kh7 46. g3 Rc2 $2 (46... Kg8 47. Nb5 g6 48. Rc8+ Kg7) 47. Nd5 Rxc7 48. Nxc7 Bc2 49. Kf2 Bxe4 50. e6 fxe6 51. Nxe6 Bd5 52. Ng5+ (52. Nd4 $14) 52... Kg6 53. Nf3 Bxf3 54. Kxf3 Kf5 55. Kf2 Kg4 56. Kg2 g6 57. Kf2 Kf5 58. Kf3 Kf6 59. g4 Ke6 $2 (59... hxg4+ $11 60. Kxg4 Ke6) 60. gxh5 gxh5 61. Ke4 Kf6 62. f5 Kf7 63. Ke5 Ke7 64. f6+ Kf7 65. Kf5 Kf8 66. Kg6 Kg8 67. Kxh5 1-0

[Event "Hungarian Youth-ch II 2024"]
[Site "Szolnok"]
[Date "2024.04.05"]
[Round "7.6"]
[White "Horvath, Adel"]
[Black "Biro, Csilla"]
[Result "1-0"]
[ECO "A40"]
[WhiteElo "1676"]
[BlackElo "1632"]
[Annotator "NA RC"]
[PlyCount "91"]
[EventDate "2024.03.31"]
[EventType "swiss"]
[EventCountry "HUN"]
[SourceTitle "playchess.com"]
[Source "ChessBase"]
[SourceQuality "1"]
[TimeControl "5400+30"]

1. d4 e6 2. c4 d5 3. Nf3 Nf6 4. g3 c5 5. Bg2 dxc4 6. Qa4+ Nc6 7. Ne5 Nd5 8. dxc5 Bxc5 9. Nxc6 Qd7 10. Qxc4 Qxc6 11. Nd2 Qb6 12. O-O O-O 13. Nb3 Be7 14. e4 Nf6 15. Be3 Qb4 16. Rac1 Bd7 17. Qxb4 Bxb4 18. a3 Bd6 19. Rfd1 Be5 20. Bd4 Bxd4 21. Nxd4 Rfe8 22. h3 e5 23. Nf5 Bc6 24. Nd6 Red8 25. Nc4 Re8 26. Re1 Rab8 27. Na5 Bb5 28. Nc4 Bc6 29. g4 h6 30. b3 Nd7 31. Na5 Rec8 32. Red1 Nf6 33. Nxc6 Rxc6 34. Rxc6 bxc6 35. b4 Kf8 36. Kf1 Ke7 37. Ke2 Nd7 38. Ke3 c5 39. Rb1 Kd6 40. Bf1 cxb4 41. axb4 Kc6 42. Bc4 f6 43. Bd5+ Kd6 44. b5 Kc5 45. Bc6 Kd6 46. Rd1+ 1-0